Map: Catalyst LE

Players

IslamGetOut

  • Race: Terran Terran
  • League: Diamond
  • Spawn Location: 11:00

Mason - Winner!

  • Race: Zerg Zerg
  • League: Diamond
  • Spawn Location: 5:00

VOD

Have the link to the VOD?

Description

Time

  • Played on: Dec. 25, 2017, 8:58 p.m.
  • Length: 19:57
Show
View Real Time Build Order
Export as new Build Order

IslamGetOut Terran 

Build Orders: Mech 

Get SALT Encoding   

  12  0:00  SCV  
  13  0:13  SCV  
  14  0:17  Supply Depot  
  14  0:25  SCV  
  15  0:30  Refinery  
  15  0:42  Barracks  
  15  0:46  SCV  
  16  0:58  SCV  
  17  1:10  SCV  
  18  1:22  SCV  
  19  1:36  Command Center  
  19  1:49  Factory  
  19  1:52  Barracks Reactor  
  19  2:06  Supply Depot  
  19  2:13  Orbital Command  
  19  2:20  Refinery  
  19  2:41  SCV  
  20  2:45  Hellion  
  20  2:46  Hellion  
  24  2:54  SCV  
  25  3:13  Supply Depot  
  25  3:14  Supply Depot  
  25  3:15  Supply Depot  
  25  3:20  Orbital Command  
  25  3:27  SCV  
  25  3:31  Hellion  
  28  3:37  Hellion  
  30  3:51  Factory  
  30  3:57  Starport  
  30  4:07  SCV x2  
  32  4:11  Refinery  
  32  4:19  SCV x2  
  34  4:27  Cyclone  
  34  4:29  Cyclone  
  34  4:31  SCV x2  
  42  4:43  SCV x2  
  44  4:49  Factory Tech Lab, Refinery  
  44  4:55  SCV x2  
  46  5:07  SCV x2  
  48  5:19  SCV x2  
  48  5:31  SCV  
  48  5:32  SCV  
  44  5:43  SCV  
  44  5:44  SCV  
  46  5:50  Siege Tank  
  46  5:52  Command Center  
  46  5:53  Factory  
  46  5:56  SCV x2  
  51  5:58  Armory  
  51  5:59  Armory  
  51  6:08  SCV x2  
  53  6:17  Hellion  
  55  6:20  SCV x2  
  55  6:22  Hellion, Siege Tank  
  55  6:25  Medivac  
  64  6:33  SCV x2  
  64  6:36  Supply Depot x2  
  66  6:40  Supply Depot  
  66  6:47  Factory Tech Lab  
  66  6:50  Infernal Pre-Igniter  
  66  6:51  Hellion  
  68  6:57  Siege Tank  
  71  7:04  Engineering Bay  
  71  7:14  Siege Tank  
  71  7:15  Hellion x2  
  78  7:34  Sensor Tower  
  78  7:38  Siege Tank  
  78  7:39  Hellion  
  78  7:44  Viking  
  85  7:46  Siege Tank  
  88  7:53  Terran Vehicle And Ship Armor Level 1, Terran Vehicle Weapons Level 1, Missile Turret  
  88  8:11  Hellion x2, Siege Tank  
  95  8:18  Missile Turret  
  95  8:30  Orbital Command  
  95  8:32  SCV x2  
  97  8:39  Missile Turret  
  97  8:56  Thor x2  
  109  9:10  Sensor Tower, Missile Turret  
  109  9:26  Refinery  
  109  9:27  Refinery  
  109  9:30  Missile Turret  
  109  9:32  Command Center  
  109  9:51  Missile Turret  
  109  10:01  Supply Depot, Terran Vehicle Weapons Level 2, Terran Vehicle And Ship Armor Level 2  
  109  10:02  Supply Depot  
  109  10:03  Supply Depot  
  109  10:05  Supply Depot  
  109  10:16  Missile Turret  
  109  10:22  Viking  
  109  10:23  Thor, Hellion, Missile Turret  
  119  10:31  Siege Tank  
  119  10:32  Hellion  
  91  10:44  Hellion  
  85  10:53  Hellion  
  84  11:02  SCV  
  84  11:03  SCV x2, Siege Tank  
  90  11:06  Siege Tank  
  93  11:15  SCV x3  
  96  11:18  Factory  
  96  11:20  Factory  
  96  11:27  SCV x3  
  99  11:35  Siege Tank  
  99  11:37  Starport Reactor  
  102  11:41  SCV x3  
  102  11:46  Starport  
  105  11:48  Starport  
  105  11:51  Hellion x2  
  105  11:52  Siege Tank  
  112  12:07  Factory Tech Lab x2, Siege Tank  
  115  12:10  Command Center  
  115  12:11  Command Center  
  115  12:19  Sensor Tower  
  115  12:21  SCV x3  
  118  12:24  Planetary Fortress  
  118  12:36  Thor x2  
  130  12:37  Hellion  
  130  12:38  Hellion  
  130  12:39  Missile Turret  
  130  12:41  Supply Depot  
  130  12:42  Starport Reactor x2, Supply Depot  
  130  12:43  Supply Depot  
  134  12:44  Terran Ship Weapons Level 1  
  134  12:59  Missile Turret  
  130  13:21  Missile Turret  
  130  13:23  Siege Tank x2  
  130  13:24  Thor x2  
  130  13:25  Hellion x2  
  152  13:39  SCV  
  152  13:40  SCV x2  
  152  13:41  SCV  
  158  13:46  Hellion x2  
  162  13:50  Planetary Fortress  
  162  13:51  Orbital Command, Missile Turret  
  145  14:33  Siege Tank  
  145  14:34  Thor x2, Siege Tank  
  145  14:35  Hellion x2  
  145  14:52  Viking x3  
  149  14:54  Viking x3  
  149  14:56  Hellion  
  149  14:57  Hellion  
  159  15:05  Thor x2  
  171  15:13  Terran Vehicle Weapons Level 3  
  171  15:17  Hellion x2  
  171  15:18  Terran Ship Weapons Level 2, Hellion  
  177  15:24  Refinery  
  177  15:25  Missile Turret  
  177  15:26  Refinery  
  177  15:31  Missile Turret  
  177  15:35  Missile Turret  
  177  15:39  Orbital Command  
  177  15:52  Thor  
  177  15:54  Hellion x2  
  187  16:15  Thor  
  187  16:16  Thor  
  156  16:28  Siege Tank  
  159  16:35  Siege Tank  
  142  16:45  Hellion x2  
  130  16:58  Siege Tank  
  130  16:59  Siege Tank  
  132  17:07  Hellion, Siege Tank  
  122  17:11  Hellion  
  122  17:12  Hellion  
  123  17:28  SCV x3, Hellion  
  128  17:30  Hellion  
  128  17:32  Hellion  
  132  17:39  Viking  
  132  17:40  SCV  
  132  17:41  Viking  
  133  17:47  Factory Tech Lab  
  133  17:54  SCV x2  
  133  17:55  Hellion  
  133  17:56  SCV, Hellion  
  133  17:58  Viking  
  132  17:59  Viking x2  
  132  18:01  Hellion  
  132  18:03  Supply Depot x3  
  131  18:05  Hellion  
  131  18:06  SCV  
  131  18:09  Viking  
  131  18:12  Viking  
  131  18:27  Viking  
  131  18:29  Viking x2  
  131  18:31  Hellion x2  
  131  18:33  Hellion  
  147  18:39  Viking  
  143  18:42  Viking  
  128  18:57  Viking  
  130  19:25  Barracks, Armory  
Show
View Real Time Build Order
Export as new Build Order

Mason Zerg - Winner!

Build Orders: Hatch First 

Get SALT Encoding   

  12  0:00  Drone  
  13  0:12  Overlord  
  13  0:17  Drone  
  14  0:31  Drone x2  
  16  0:36  Drone  
  17  0:57  Drone, Hatchery  
  16  1:01  Drone  
  18  1:04  Extractor  
  18  1:07  Drone  
  18  1:19  Spawning Pool  
  18  1:23  Drone  
  18  1:30  Drone  
  19  1:39  Overlord  
  19  1:49  Drone  
  20  2:06  Drone  
  20  2:08  Queen, Metabolic Boost  
  21  2:09  Queen  
  21  2:10  Drone  
  21  2:14  Drone  
  27  2:20  Zergling x2  
  27  2:22  Zergling x2  
  29  2:30  Drone  
  29  2:34  Drone  
  31  2:42  Drone  
  32  2:44  Drone  
  33  2:52  Drone, Baneling Nest  
  33  2:54  Queen  
  35  3:00  Overlord  
  35  3:11  Queen  
  36  3:18  Hatchery  
  36  3:19  Drone x2  
  36  3:22  Drone  
  37  3:28  Drone x3  
  37  3:32  Overlord  
  40  3:40  Extractor  
  39  3:41  Drone  
  39  3:42  Drone x2  
  42  3:52  Lair  
  42  3:53  Pneumatized Carapace  
  42  3:55  Drone x2  
  44  4:04  Drone x5  
  44  4:07  Overlord  
  49  4:12  Drone x2  
  49  4:16  Extractor  
  50  4:17  Extractor  
  49  4:25  Drone x3  
  49  4:26  Drone x5  
  57  4:32  Spine Crawler  
  57  4:34  Zergling x4  
  57  4:36  Zergling x2  
  59  4:45  Queen  
  59  5:01  Hydralisk Den  
  59  5:02  Drone x5  
  59  5:03  Drone  
  54  5:16  Drone x4  
  54  5:17  Drone x2  
  56  5:27  Drone x5  
  57  5:30  Hydralisk  
  57  5:35  Drone  
  57  5:44  Drone  
  57  5:45  Drone  
  59  5:52  Drone  
  60  6:00  Hatchery  
  60  6:04  Drone x4  
  61  6:05  Drone  
  61  6:07  Drone  
  65  6:12  Drone  
  65  6:14  Overlord  
  65  6:16  Muscular Augments  
  66  6:20  Evolution Chamber, Overlord x2  
  65  6:37  Drone x4  
  69  6:41  Overlord x2, Hydralisk x2  
  69  6:42  Hydralisk  
  75  6:48  Evolution Chamber, Zerg Missile Weapons Level 1, Hydralisk x3  
  75  6:49  Hydralisk  
  75  6:52  Hydralisk  
  84  6:54  Hydralisk  
  84  6:56  Roach Warren  
  84  6:58  Drone x2  
  84  6:59  Drone  
  88  7:02  Drone  
  88  7:06  Drone  
  88  7:07  Drone x2  
  92  7:11  Overlord x2  
  92  7:14  Drone x2  
  92  7:15  Drone x2  
  96  7:16  Extractor  
  96  7:17  Drone, Extractor  
  96  7:20  Queen  
  98  7:22  Drone  
  98  7:23  Drone  
  99  7:34  Overlord x2  
  99  7:35  Hydralisk x3  
  99  7:36  Hydralisk  
  107  7:38  Hydralisk  
  107  7:41  Drone x3  
  107  7:43  Drone  
  113  7:47  Hydralisk x2  
  113  7:50  Hydralisk x2  
  121  7:57  Drone x6  
  121  7:58  Drone  
  128  7:59  Hydralisk  
  130  8:06  Glial Reconstitution  
  130  8:07  Zerg Ground Armor Level 1  
  130  8:08  Nydus Network  
  130  8:11  Drone x2  
  130  8:12  Drone  
  132  8:13  Infestation Pit  
  131  8:21  Hydralisk x5  
  131  8:24  Hydralisk  
  143  8:31  Overlord  
  143  8:32  Overlord x4  
  143  8:37  Extractor  
  142  8:43  Overlord x3  
  142  8:46  Zerg Missile Weapons Level 2  
  142  8:56  Hydralisk x3  
  142  8:58  Overlord x4  
  142  8:59  Roach  
  142  9:00  Roach x5  
  142  9:01  Roach  
  162  9:16  Hydralisk x3  
  162  9:17  Hydralisk x3  
  162  9:18  Roach  
  176  9:36  Nydus Canal  
  176  9:37  Roach  
  176  9:38  Roach x9  
  196  9:41  Roach x2  
  194  10:02  Hive  
  194  10:03  Overlord x3  
  194  10:11  Nydus Network  
  193  10:16  Hatchery  
  193  10:19  Hatchery  
  112  10:44  Hydralisk  
  112  10:45  Hydralisk x6  
  112  10:46  Roach x13  
  112  10:47  Roach x4  
  138  10:57  Roach  
  138  10:58  Roach x6  
  138  11:00  Drone  
  138  11:01  Drone x3, Extractor  
  153  11:06  Ravager  
  154  11:13  Viper  
  157  11:24  Roach x7  
  171  11:32  Drone  
  172  11:33  Drone x5  
  172  11:38  Viper  
  180  11:43  Viper  
  180  11:45  Hydralisk  
  187  11:47  Roach x2  
  187  11:49  Roach  
  187  11:50  Roach  
  187  11:51  Roach  
  187  11:53  Extractor  
  187  11:54  Roach x2  
  198  11:55  Roach  
  198  11:56  Extractor  
  199  12:05  Evolution Chamber  
  199  12:07  Evolution Chamber  
  197  12:16  Evolution Chamber  
  197  12:17  Viper  
  199  12:26  Evolution Chamber  
  199  12:29  Evolution Chamber  
  189  13:07  Roach x6  
  189  13:21  Drone x9  
  189  13:22  Drone x2  
  200  13:32  Zerg Ground Armor Level 2  
  200  13:33  Zerg Missile Weapons Level 3  
  200  13:39  Evolution Chamber  
  199  13:42  Nydus Canal  
  199  13:56  Nydus Canal  
  197  14:10  Nydus Canal  
  96  14:40  Roach x13  
  96  14:41  Roach x18  
  96  14:43  Roach  
  142  14:52  Spire  
  142  14:53  Drone  
  142  14:54  Drone x4, Spire  
  145  15:01  Hydralisk  
  145  15:02  Hydralisk x4  
  145  15:03  Hydralisk  
  145  15:04  Hydralisk  
  145  15:05  Hydralisk  
  161  15:08  Hatchery  
  161  15:09  Spore Crawler  
  161  15:10  Drone x3, Spine Crawler  
  161  15:25  Hatchery  
  161  15:26  Burrow, Hydralisk x8  
  161  15:28  Hydralisk x5  
  176  15:33  Hydralisk  
  176  15:35  Hydralisk  
  188  15:40  Hydralisk x3  
  188  15:41  Hydralisk x2  
  200  15:45  Overlord  
  200  16:06  Overlord x2  
  200  16:07  Overlord x2  
  192  16:20  Nydus Canal  
  178  16:32  Roach x4  
  184  16:33  Roach x12  
  176  16:44  Greater Spire, Zerg Flyer Weapons Level 1  
  136  17:12  Roach x13  
  136  17:13  Roach x5  
  156  17:27  Queen  
  156  17:28  Roach  
  156  17:29  Roach x6  
  168  17:35  Nydus Canal  
  168  17:36  Roach x4  
  168  17:37  Roach  
  174  17:41  Queen  
  174  17:45  Viper  
  177  17:51  Drone  
  157  18:12  Corruptor  
  145  18:13  Corruptor x6  
  145  18:15  Roach  
  145  18:16  Roach x12  
  185  18:24  Nydus Canal  
  185  18:29  Roach x6  
  193  18:44  Roach x3  
  193  18:47  Nydus Canal  
  195  18:54  Brood Lord  
  195  18:55  Brood Lord x3  
  183  18:57  Corruptor x4  
  160  19:36  Roach x8  
  160  19:37  Roach x4  
Tags
 
Composition
Mech
Matchup
TvZ
Spawn Locations
Cross Positions
Add a new tag
Caveats
  • Supply blocks, unpowered buildings, or Contaminate may cause inaccurate times.
  • Supply counts are checked every 10 seconds.